 Dungeon Crawl Stone Soup version 0.31-a0-256-g80acddb972 (webtiles) character file.

Game seed: 11010836503262756146

53 GordonOverkill the Magician (level 3, 0/24 HPs)
             Began as a Mummy Earth Elementalist on July 13, 2023.
             Slain by an orc
             ... wielding a +0 trident
              (5 damage)
             ... on level 3 of the Dungeon.
             The game lasted 00:02:49 (2962 turns).

GordonOverkill the Magician (MuEE)                  Turns: 2962, Time: 00:02:50

Health: 0/24       AC:  4    Str: 11    XL:     3   Next: 64%
Magic:  4/8        EV: 12    Int: 16    God:
Gold:   96         SH:  0    Dex: 12    Spells: 8/9 levels left

rFire   x . .        g - +4 dagger
rCold   + . .        (no shield)
rNeg    + + +        a - +0 robe
rPois   ∞            (no helmet)
rElec   .            c - +0 cloak
rCorr   .            d - +0 pair of gloves
SInv    .            (no boots)
Will    .....        (no amulet)
Stlth   ++           (no ring)
HPRegen 0.24/turn    (no ring)
MPRegen 0.11/turn

%: faith
@: no status effects
A: cold resistance 1, negative energy resistance 3, torment resistance 2, heat
vulnerability 1, in touch with death 1, no potions, faith
a: no special abilities


You were on level 3 of the Dungeon.
You visited 1 branch of the dungeon, and saw 3 of its levels.

You collected 96 gold pieces.

Inventory:

Hand Weapons
 g - a +4 dagger (weapon)
Armour
 a - a +0 robe (worn)
 c - a +0 cloak (worn)
 d - a +0 pair of gloves (worn)
Magical Staves
 e - a staff of conjuration
Scrolls
 b - 2 scrolls of noise {unknown}
 f - a scroll of amnesia {unknown}
 h - a scroll of poison {unknown}
 i - a scroll of teleportation {unknown}
 j - a scroll of torment {unknown}


   Skills:
 + Level 0.8 Short Blades
 - Level 1.5 Dodging
 - Level 1.5 Stealth
 + Level 3.5 Spellcasting
 + Level 1.5 Transmutations
 + Level 2.8 Earth Magic


You had 8 spell levels left.
You knew the following spells:

 Your Spells              Type           Power      Damage    Failure   Level
a - Sandblast             Erth           24%        2d8       5%          1

Your spell library contained the following spells:

 Spells                   Type           Power      Damage    Failure   Level
 Passwall                 Tmut/Erth      8%         N/A       11%         2
 Sting                    Tmut/Pois      20%        1d4       13%         1
 Cigotuvi's Dreadful Rot  Necr/Pois/Air  8%         N/A       26%         2
 Poisonous Vapours        Pois/Air       4%         N/A       26%         2
 Stone Arrow              Conj/Erth      14%        3d7       28%         3
 Ignite Poison            Fire/Tmut/Pois 4%         N/A       38%         3
 Petrify                  Tmut/Erth      10%        N/A       56%         4
 Olgreb's Toxic Radiance  Pois           2%         N/A       87%         4
 Sticky Flame             Conj/Fire      2%         2d3       87%         4
 Freezing Cloud           Conj/Ice/Air   1%         6-21      99%         5
 Ignition                 Fire           1%         3d3       100%        8


Dungeon Overview and Level Annotations

Branches:
Dungeon (3/15)

Altars:

Annotations:
D:2 Sigmund


Innate Abilities, Weirdness & Mutations

You are immune to poison.
Your flesh is cold resistant. (rC+)
You are immune to negative energy. (rN+++)
You are immune to unholy pain and torment.
You are vulnerable to heat. (rF-)
You are in touch with the powers of death.
You do not drink.
You have a special connection with the divine. (Faith)


Message History

Aim: an orc wizard, wielding a +0 dagger and wearing a +0 robe (77% to hit)
The blast of sand hits the orc wizard.
The orc wizard is lightly wounded.
The orc wizard closely misses you. The orc hits you but does no damage.
The orc wizard hits you with a +0 dagger.
The orc hits you from afar with a +0 trident.
Casting: Sandblast (safe; 5% risk of failure)
Confirm with . or Enter, or press ? or * to list all spells.
Aiming: Sandblast (safe; 5% risk of failure)
Press: ? - help, Shift-Dir - straight line, f/p - orc wizard
Aim: an orc wizard, wielding a +0 dagger and wearing a +0 robe (lightly wounded, 77% to hit)
The blast of sand hits the orc wizard.
The orc wizard is heavily wounded.
The orc hits you but does no damage.
The orc wizard hits you with a +0 dagger.
Casting: Sandblast (safe; 5% risk of failure)
Confirm with . or Enter, or press ? or * to list all spells.
Aiming: Sandblast (safe; 5% risk of failure)
Press: ? - help, Shift-Dir - straight line, f/p - orc wizard
Aim: an orc wizard, wielding a +0 dagger and wearing a +0 robe (heavily wounded, 77% to hit)
The blast of sand hits the orc wizard.
The orc wizard is almost dead.
The orc wizard hits you with a +0 dagger.
The orc closely misses you.
The orc wizard points at you and mumbles some strange words.
The magic dart hits you.
* * * LOW HITPOINT WARNING * * *
The orc misses you.
Casting: Sandblast (safe; 5% risk of failure)
Confirm with . or Enter, or press ? or * to list all spells.
Aiming: Sandblast (safe; 5% risk of failure)
Press: ? - help, Shift-Dir - straight line, f/p - orc wizard
Aim: an orc wizard, wielding a +0 dagger and wearing a +0 robe (almost dead, 77% to hit)
The blast of sand hits the orc wizard but does no damage.
The orc wizard is almost dead.
The orc wizard points at you and mumbles some strange words.
The magic dart hits you.
* * * LOW HITPOINT WARNING * * *
The orc hits you from afar with a +0 trident.
You die...

#.# # #.# # #.# ##
#+ #.# . ... #.# #
.... ####.# ## #
..... ##.##.# .##.#
......####...#.#
....+
.....ooo@......#
.##.#
.....o####....##
###.# ..... ##.#.#
....# ...o
####.#### ##### ...
#.......# #+#
#.##.##.# #.#
#.##.## # #.#
#.##..# #
##.########.###.#.#


You could see an orc wizard and 3 orcs.

Vanquished Creatures
  2 adders (D:2)
  A worm (D:2)
  A dart slug (D:2)
  An orc (D:3)
  2 bats
  3 endoplasms
  A giant cockroach (D:2)
  2 goblins (D:2)
  A hobgoblin (D:2)
  3 jackals (D:2)
  A quokka (D:2)
  2 ball pythons
  4 frilled lizards
  3 kobolds
  4 rats
31 creatures vanquished.

Notes
Turn   | Place    | Note
-------+----------+-------------------------------------------
     0 | D:1      | GordonOverkill the Mummy Earth Elementalist began the quest
                  | for the Orb.
     0 | D:1      | Reached XP level 1. HP: 13/13 MP: 4/4
   345 | D:1      | Reached skill level 1 in Transmutations
   628 | D:1      | Reached skill level 3 in Spellcasting
  1166 | D:2      | Reached XP level 2. HP: 19/19 MP: 4/6
  1321 | D:2      | Noticed Sigmund
  1734 | D:2      | Gained mutation: You are in touch with the powers of death.
                  | [Mummy growth]
  1734 | D:2      | Reached XP level 3. HP: 23/24 MP: 3/7
  2850 | D:3      | Identified the +5 hand axe "Mebett" {speed, +Blink rElec
                  | Int+2}
  2962 | D:3      | Slain by an orc

Illustrated notes

Levels and vault maps discovered:
D:1:      lightli_molten_gateway, layout_basic, st_stairs_12, kennysheep_boxes
D:2:      layout_loops_ring, uniq_sigmund
D:3:      layout_loops_corners

Skill      XL: |  1 |
---------------+----+-----
Transmutations | 1 |  1.5
Spellcasting   | 3 |  3.5
Short Blades   | |  0.8
Dodging        | |  1.5
Stealth        | |  1.5
Earth Magic    | |  2.8

Action                     || total
---------------------------++-------
  Melee: Dagger            ||    14
   Cast: Sandblast         ||    54
   Stab: Sleeping          ||     1
 Armour: Robe              ||    10
  Dodge: Dodged            ||    24

Table legend: (Time is in decaauts)
 A = Elapsed time spent in this place.
 B = Non-inter-level travel time spent in this place.
 C = Inter-level travel time spent in this place.
 D = Time resting spent in this place.
 E = Time spent auto-exploring this place.
 F = Levels seen in this place.
 G = Mean time per level.
                   A        B        C        D        E       F      G
               +--------+--------+--------+--------+--------+-----+--------+
         Total |   3011 |   2747 |    264 |    946 |   1539 |   3 | 1003.7 |
       Dungeon |   3011 |   2747 |    264 |    946 |   1539 |   3 | 1003.7 |
               +--------+--------+--------+--------+--------+-----+--------+

Top non-repeatable levels by time:
     D:2: 1664 daAuts
     D:1: 1139 daAuts
     D:3: 208 daAuts
